 Dungeon Crawl Stone Soup version 0.18-b1-18-g7758cf2 (webtiles) character file.

170 syage the Skirmisher (level 5, -6/42 HPs)
             Began as a Demonspawn Fighter on May 2, 2016.
             Killed from afar by an orc wizard (7 damage)
             ... with a magic dart
             ... on level 3 of the Dungeon.
             The game lasted 00:05:37 (2490 turns).

syage the Skirmisher (Demonspawn Fighter)           Turns: 2490, Time: 00:05:38

Health: -6/42      AC:  8    Str: 17    XL:     5   Next: 26%
Magic:  5/5        EV:  7    Int:  9    God:
Gold:   155        SH:  8    Dex: 13    Spells: 0 memorised, 4 levels left

rFire  . . .     SeeInvis .     a - +0 long sword
rCold  . . .     Gourm    .     b - +0 scale mail
rNeg   . . .     Faith    .     c - +0 shield
rPois  .         Spirit   .     (no helmet)
rElec  .         Dismiss  .     (no cloak)
rCorr  .         Reflect  .     (no gloves)
SustAt .         Harm     .     (no boots)
MR     .....                    (no amulet)
Stlth  ..........               (no ring)
                                (no ring)

@: lethally poisoned (-6 -> -24), flying, very slightly contaminated, hasted,
very quick, not resistant to hostile enchantments, extremely unstealthy
A: talons 2, molten scales 1, evolution 1
a: no special abilities


You were on level 3 of the Dungeon.
You were hungry.

You visited 1 branch of the dungeon, and saw 3 of its levels.

You collected 155 gold pieces.

Inventory:

Hand Weapons
 a - a +0 long sword (weapon)
Missiles
 h - 8 javelins (quivered)
Armour
 b - a +0 scale mail (worn)
 c - a +0 shield (worn)
Scrolls
 j - 2 scrolls of identify {unknown}
 k - 2 scrolls of teleportation {unknown}
 l - a scroll of remove curse {unknown}
 n - a scroll of amnesia {unknown}
 p - a scroll of fog {unknown}
Potions
 d - 3 potions of might
 e - a potion of mutation
 g - a potion of flight
Comestibles
 f - 3 bread rations
 r - a meat ration


   Skills:
 + Level 4.1 Fighting
 + Level 2.5 Long Blades
 + Level 3.8 Armour
 - Level 1.5 Dodging
 - Level 0.4 Stealth
 - Level 2.6 Shields


You had 4 spell levels left.
You didn't know any spells.

Dungeon Overview and Level Annotations

Branches:
Dungeon (3/15)

Altars:
Ashenzari


Innate Abilities, Weirdness & Mutations

You have razor-sharp toenails.
You are partially covered in molten scales (AC +1).
You evolve.


Message History

It was a potion of haste.
You feel yourself speed up.
* * * LOW HITPOINT WARNING * * *
You feel sick.
The orc wizard is no longer moving quickly.
The orc wizard hits you but does no damage.
You are more poisoned.
You are very lightly contaminated with residual magic.
Drink which item? (? for menu, Esc to quit)
It was a potion of cure mutation.
It has a very clean taste.
Your thinking seems confused.
Your magical essence is no longer linked to your wands.
* * * LOW HITPOINT WARNING * * *
You feel sick. You block the orc wizard's attack.
Drink which item? (? for menu, Esc to quit)
It was a potion of magic.
Magic courses through your body.
* * * LOW HITPOINT WARNING * * *
You feel sick.
The orc wizard points at you and mumbles some strange words.
The magic dart hits you!
You die...

#.. #...........###
##.#...
#..........##
###.....
#..........#
#.......
.............#
#.####..
###>..........# #.#
### #..........##
###.#
#.........######...#
#......o..##.....###
##......@.)..#####
.........####
.........#
..$......#
........?#
.........#
#.......## ##.....##


You could see an orc wizard.

Vanquished Creatures
  A howler monkey (D:3)
  5 adders
  An ooze (D:1)
  2 worms
  3 dart slugs
  A giant gecko (D:1)
  2 orcs (D:3)
  3 ball pythons
  5 bats
  3 giant cockroaches
  9 goblins
  7 hobgoblins
  4 jackals (D:2)
  4 kobolds
  2 quokkas (D:2)
  2 giant newts
  8 rats
62 creatures vanquished.

Vanquished Creatures (others)
  An orc wizard (D:3)
1 creature vanquished.

Grand Total: 63 creatures vanquished

Notes
Turn   | Place    | Note
--------------------------------------------------------------
     0 | D:1      | syage the Demonspawn Fighter began the quest for the Orb.
     0 | D:1      | Reached XP level 1. HP: 18/18 MP: 1/1
    95 | D:1      | Gained mutation: You are partially covered in molten scales (AC +1). [demonic ancestry]
    95 | D:1      | Reached XP level 2. HP: 16/24 MP: 2/2
   422 | D:1      | Gained mutation: You have sharp toenails. [demonic ancestry]
   422 | D:1      | Reached XP level 3. HP: 27/29 MP: 3/3
  1258 | D:2      | Found a shattered altar of Ashenzari.
  1540 | D:2      | Gained mutation: You have razor-sharp toenails. [demonic ancestry]
  1540 | D:2      | Reached XP level 4. HP: 31/37 MP: 4/4
  1874 | D:3      | Reached skill level 1 in Dodging
  1893 | D:3      | Reached skill level 4 in Fighting
  2234 | D:3      | Reached XP level 5. HP: 31/42 MP: 5/5
  2484 | D:3      | Gained mutation: You evolve. [potion of mutation]
  2484 | D:3      | Gained mutation: You possess an exceptional clarity of mind. [potion of mutation]
  2484 | D:3      | Gained mutation: You expend magic power (3 MP) to strengthen your wands. [potion of mutation]
  2489 | D:3      | Lost mutation: You possess an exceptional clarity of mind. [potion of cure mutation]
  2489 | D:3      | Lost mutation: You expend magic power (3 MP) to strengthen your wands. [potion of cure mutation]
  2489 | D:3      | HP: 2/42 [poisoned by an orc wizard]
  2490 | D:3      | Killed from afar by an orc wizard

Skill      XL: |  1  2  3  4 |
---------------+-------------+-----
Armour         | 3 |  3.8
Long Blades    | 2 |  2.5
Dodging        | 1 |  1.5
Fighting       | 4 |  4.1
Stealth        | |  0.4
Shields        | |  2.6

Action                   |  1- 3 |  4- 6 || total
-------------------------+-------+-------++-------
Melee: Long sword        |   146 |   101 ||   247
       Kick              |    19 |    22 ||    41
  Use: Potion            |       |     5 ||     5
  Eat: Chunk             |     2 |     3 ||     5
Armor: Scale mail        |    86 |    63 ||   149
Dodge: Dodged            |    36 |    38 ||    74
Block: Shield            |    76 |    45 ||   121
